[Event "EYCC Open-U12 2019"]
[Site "Bratislava"]
[Date "2019.08.05"]
[Round "4.3"]
[White "Pidluznij, Gleb"]
[Black "Vergara Anton, Diego"]
[Result "0-1"]
[ECO "C11"]
[WhiteElo "1947"]
[BlackElo "2183"]
[Annotator "NA"]
[PlyCount "88"]
[EventDate "2019.08.02"]
[EventType "swiss"]
[EventCountry "SVK"]
[SourceTitle "playchess.com"]
[Source "ChessBase"]
[SourceQuality "1"]
[TimeControl "40/5400+30:1800+30"]

1. e4 e6 2. d4 d5 3. Nc3 Nf6 4. e5 Nfd7 5. f4 c5 6. Nf3 Qb6 7. Be3 a6 8. Na4 Qa5+ 9. c3 cxd4 10. b4 Qc7 11. Bxd4 Nc6 12. Be3 b5 13. Nb2 Be7 14. a4 Rb8 15. axb5 axb5 16. Nd4 Nxd4 17. Bxd4 O-O 18. Bd3 Qc6 19. Qe2 Bd8 20. O-O Bb6 21. Rfc1 Rb7 22. Kh1 Bxd4 23. cxd4 Qb6 24. Qd2 Nb8 25. Ra5 Bd7 26. Qc3 g6 27. g3 Rc8 28. Qd2 Rxc1+ 29. Qxc1 Qxd4 30. Ra3 Qxb4 31. Ra8 Kg7 32. g4 Qd4 33. Ra3 b4 34. Rb3 Nc6 35. Bb1 Rb5 36. f5 Nxe5 37. Rh3 Nxg4 38. Rg3 exf5 39. Bd3 Rc5 40. Qd2 Nf2+ 41. Kg2 Ne4 42. Qe2 Nxg3 43. hxg3 b3 44. Qd2 Rc2 0-1

[Event "EYCC Open-U12 2019"]
[Site "Bratislava"]
[Date "2019.08.05"]
[Round "4.4"]
[White "Bat, Bilguun"]
[Black "Tarhan, Adar"]
[Result "1-0"]
[ECO "A05"]
[WhiteElo "2093"]
[BlackElo "1972"]
[Annotator "NA"]
[PlyCount "87"]
[EventDate "2019.08.02"]
[EventType "swiss"]
[EventCountry "SVK"]
[SourceTitle "playchess.com"]
[Source "ChessBase"]
[SourceQuality "1"]
[TimeControl "40/5400+30:1800+30"]

1. Nf3 Nf6 2. e3 d5 3. c4 e6 4. Nc3 Be7 5. b3 O-O 6. Bb2 b6 7. cxd5 exd5 8. Be2 c5 9. d4 h6 10. O-O Be6 11. Rc1 Nbd7 12. h3 Rc8 13. Bd3 Qc7 14. dxc5 bxc5 15. Qe2 Nb6 16. Ba6 Rcd8 17. Nb5 Qb8 18. Be5 Qa8 19. Nc7 Qc6 20. Nd4 Qd7 21. Bb5 Qc8 22. Nc6 Rd7 23. Ba6 Qxc7 24. Bxc7 Rxc7 25. Nxe7+ Rxe7 26. Rxc5 Ne4 27. Rcc1 Bd7 28. Bd3 f5 29. Bxe4 fxe4 30. a4 Re5 31. f4 Re6 32. a5 Nc8 33. Rc7 Rd6 34. Qd2 a6 35. Rfc1 Ne7 36. Qb4 Rff6 37. Qb7 Bc6 38. Qb8+ Kf7 39. Qa7 Rfe6 40. f5 Re5 41. R1xc6 Rxc6 42. Rxc6 d4 43. Re6 d3 44. Qxe7+ 1-0

[Event "EYCC Open-U12 2019"]
[Site "Bratislava"]
[Date "2019.08.05"]
[Round "4.5"]
[White "Lystsov, Leonid"]
[Black "von Mettenheim, Johannes"]
[Result "0-1"]
[ECO "A04"]
[WhiteElo "2086"]
[BlackElo "1809"]
[Annotator "NA"]
[PlyCount "234"]
[EventDate "2019.08.02"]
[EventType "swiss"]
[EventCountry "SVK"]
[SourceTitle "playchess.com"]
[Source "ChessBase"]
[SourceQuality "1"]
[TimeControl "40/5400+30:1800+30"]

1. Nf3 b6 2. g3 Bb7 3. Bg2 c5 4. O-O Nf6 5. c4 g6 6. Nc3 Bg7 7. d4 cxd4 8. Nxd4 Bxg2 9. Kxg2 O-O 10. e4 Qc7 11. b3 Qb7 12. f3 Nc6 13. Bb2 Rfd8 14. Nd5 Nxd5 15. exd5 Nxd4 16. Bxd4 e5 17. Be3 f5 18. Qd2 d6 19. a4 Re8 20. Ra2 e4 21. f4 Reb8 22. Rb1 a6 23. b4 Rc8 24. Rc2 Rab8 25. Rbc1 Qd7 26. Ra2 Qb7 27. Qd1 a5 28. Qb3 Qa6 29. Rac2 Rc7 30. bxa5 Qxa5 31. Rb1 Ra7 32. Ra2 Ra6 33. Qb5 Rba8 34. Rb4 Bc3 35. Rb3 Bg7 36. Qxa5 Rxa5 37. Rb4 Bc3 38. Rb3 Bg7 39. Rxb6 Rxa4 40. Rxa4 Rxa4 41. c5 dxc5 42. d6 Ra2+ 43. Kh3 Ra7 44. Bxc5 Rd7 45. g4 Kf7 46. gxf5 gxf5 47. Bb4 Ke6 48. Rb5 Bf6 49. Kg2 Rg7+ 50. Kf2 Bd4+ 51. Kf1 Rg1+ 52. Ke2 Rg7 53. Rb8 Rd7 54. h4 Bg7 55. h5 Bh6 56. Ke3 Bg7 57. Bc5 Kf7 58. Ke2 Bf8 59. Rb5 Ke6 60. Rb6 Bxd6 61. Bxd6 Rxd6 62. Rb7 Rd7 63. Rb6+ Kf7 64. Rb5 Kf6 65. Rb6+ Kg7 66. Rb5 Rf7 67. Rb1 Kh6 68. Rg1 Rg7 69. Rh1 Rg3 70. Rh2 Ra3 71. Rh1 Rf3 72. Rh4 Kg7 73. Kd2 Rg3 74. Rh2 Kf6 75. Ke2 Ke6 76. h6 Rf3 77. Rh4 Kd5 78. Kd2 e3+ 79. Kd3 Rg3 80. Rh5 e2+ 81. Kxe2 Ke4 82. Rg5 Rh3 83. Rg7 Rxh6 84. Rf7 Rh2+ 85. Kf1 Kxf4 86. Kg1 Rh4 87. Kg2 Kg5 88. Rg7+ Kf6 89. Ra7 Rg4+ 90. Kf3 Rg7 91. Ra1 h5 92. Rh1 Rg5 93. Rh4 Kg6 94. Ra4 Rg4 95. Ra6+ Kg5 96. Ra8 Rf4+ 97. Ke3 Rf1 98. Rg8+ Kh4 99. Ke2 Rf4 100. Ke3 Rg4 101. Rf8 Rg3+ 102. Kf4 Rg1 103. Ke3 Re1+ 104. Kf2 Re5 105. Kf3 Kh3 106. Kf4 Re1 107. Ra8 Rf1+ 108. Ke3 h4 109. Ke2 Rf4 110. Ke3 Rg4 111. Kf3 Rg3+ 112. Kf2 Kh2 113. Ra5 Rg5 114. Kf3 h3 115. Kf4 Rg1 116. Ra2+ Kh1 117. Kf3 h2 0-1

[Event "EYCC Open-U12 2019"]
[Site "Bratislava"]
[Date "2019.08.05"]
[Round "4.6"]
[White "Makridis, Dimitrios"]
[Black "Han, Yichen"]
[Result "1-0"]
[ECO "C54"]
[WhiteElo "1798"]
[BlackElo "2217"]
[Annotator "NA"]
[PlyCount "87"]
[EventDate "2019.08.02"]
[EventType "swiss"]
[EventCountry "SVK"]
[SourceTitle "playchess.com"]
[Source "ChessBase"]
[SourceQuality "1"]
[TimeControl "40/5400+30:1800+30"]

1. e4 e5 2. Nf3 Nc6 3. Bc4 Bc5 4. c3 Nf6 5. d3 d6 6. h3 a6 7. Bb3 Ba7 8. Nbd2 O-O 9. O-O Ne7 10. Re1 Ng6 11. Nf1 h6 12. Ng3 Be6 13. Bc2 c6 14. d4 Qc7 15. Be3 Rfd8 16. Qd2 d5 17. Nxe5 Nxe5 18. dxe5 Nxe4 19. Nxe4 dxe4 20. Qe2 Bxe3 21. Qxe3 Qxe5 22. Bxe4 Qf6 23. Bc2 Rd6 24. Rad1 Rad8 25. Rxd6 Rxd6 26. a3 Bf5 27. Bb3 Be6 28. Bc2 Rd8 29. Be4 Bf5 30. Bf3 Qg6 31. Kh1 Rd3 32. Qf4 Qf6 33. Re8+ Kh7 34. Re5 g6 35. Bg4 Qd6 36. Bxf5 Rd1+ 37. Kh2 f6 38. Bc2 Rd2 39. Re7+ Qxe7 40. Qxd2 Qe5+ 41. f4 Qe6 42. f5 Qe5+ 43. Kh1 gxf5 44. Qd4 1-0

[Event "EYCC Open-U12 2019"]
[Site "Bratislava"]
[Date "2019.08.05"]
[Round "4.7"]
[White "Tran, David"]
[Black "Maurizzi, Marc Andria"]
[Result "0-1"]
[ECO "B66"]
[WhiteElo "2112"]
[BlackElo "2412"]
[Annotator "RC"]
[PlyCount "96"]
[EventDate "2019.08.02"]
[EventType "swiss"]
[EventCountry "SVK"]
[TimeControl "40/5400+30:1800+30"]

1. e4 c5 2. Nf3 Nc6 3. d4 cxd4 4. Nxd4 Nf6 5. Nc3 d6 6. Bg5 e6 7. Qd2 a6 8. f4 Bd7 9. O-O-O b5 10. Nxc6 Bxc6 11. Bd3 Be7 12. e5 dxe5 13. fxe5 Nd7 14. Bxe7 Qxe7 15. Qf4 Nc5 16. Be4 Bxe4 17. Nxe4 Nxe4 18. Qxe4 O-O 19. Rd6 Qg5+ 20. Kb1 Rac8 21. Rxa6 Rc4 22. Qe2 Rc5 23. Re1 Rfc8 24. Ra7 Qg6 25. Rc1 Qf5 26. Qd2 h6 27. Rd7 Qxe5 28. Rd8+ Rxd8 29. Qxd8+ Kh7 30. Qd3+ f5 31. g3 Rd5 32. Qf3 Rd2 33. h4 Re2 34. Qf4 Qd5 35. b3 Qc5 36. Kb2 Rf2 37. b4 Qa7 38. Qe5 Rf3 39. Kb1 Qa3 40. Qb2 Qe3 41. a4 bxa4 42. b5 Qc5 43. c3 Rf2 44. Rc2 a3 45. Qb4 Rf1+ 46. Ka2 Qg1 47. Kxa3 Ra1+ 48. Ra2 Qa7+ 0-1

[Event "EYCC Open-U12 2019"]
[Site "Bratislava"]
[Date "2019.08.05"]
[Round "4.8"]
[White "Samadov, Read"]
[Black "Tunsjo, Axel"]
[Result "1-0"]
[ECO "E06"]
[WhiteElo "2230"]
[BlackElo "2039"]
[Annotator "NA"]
[PlyCount "93"]
[EventDate "2019.08.02"]
[EventType "swiss"]
[EventCountry "SVK"]
[SourceTitle "playchess.com"]
[Source "ChessBase"]
[SourceQuality "1"]
[TimeControl "40/5400+30:1800+30"]

1. d4 Nf6 2. c4 e6 3. g3 d5 4. Bg2 Be7 5. Nf3 O-O 6. O-O dxc4 7. Qc2 a6 8. a4 Nc6 9. Qxc4 a5 10. Rd1 Qd5 11. Qxd5 exd5 12. Bf4 Bd8 13. Nc3 Nb4 14. Nb5 Ne8 15. Rac1 c6 16. Nc3 Bc7 17. Bxc7 Nxc7 18. h3 h5 19. Ne5 Re8 20. Rd2 Ne6 21. e3 f6 22. Nd3 Ng5 23. Nf4 h4 24. gxh4 Ne6 25. Nce2 Kf7 26. h5 Nxf4 27. Nxf4 Bf5 28. Bf3 Re7 29. Kh2 Rg8 30. Rg1 Bc2 31. h4 Be4 32. Be2 Bf5 33. Rg3 Be4 34. Rd1 Rh8 35. Rdg1 Kf8 36. Bf1 Rh7 37. Bh3 Kf7 38. Bf1 Kf8 39. Be2 Rh8 40. Bf1 Rh7 41. b3 Kg8 42. Bh3 Kf7 43. f3 Bc2 44. e4 dxe4 45. Bf5 exf3 46. Bxh7 f2 47. Bd3 1-0

[Event "EYCC Open-U12 2019"]
[Site "Bratislava"]
[Date "2019.08.05"]
[Round "4.9"]
[White "Strybuk, Artsiom I"]
[Black "Bakiev, Diyor"]
[Result "1/2-1/2"]
[ECO "A62"]
[WhiteElo "2193"]
[BlackElo "2121"]
[Annotator "NA"]
[PlyCount "40"]
[EventDate "2019.08.02"]
[EventType "swiss"]
[EventCountry "SVK"]
[SourceTitle "playchess.com"]
[Source "ChessBase"]
[SourceQuality "1"]
[TimeControl "40/5400+30:1800+30"]

1. d4 Nf6 2. c4 c5 3. d5 e6 4. g3 exd5 5. cxd5 d6 6. Nc3 g6 7. Bg2 Bg7 8. Nf3 O-O 9. O-O Re8 10. Bf4 Bf5 11. Nd2 Nh5 12. Be3 Rxe3 13. fxe3 Qe7 14. Nc4 Bxc3 15. bxc3 b5 16. Nd2 Qxe3+ 17. Kh1 Nd7 18. Rf3 Qh6 19. Nf1 Ne5 20. a4 bxa4 1/2-1/2

[Event "EYCC Open-U12 2019"]
[Site "Bratislava"]
[Date "2019.08.05"]
[Round "4.10"]
[White "Fiszer, Bartosz"]
[Black "Costa, Leonardo"]
[Result "1-0"]
[ECO "C78"]
[WhiteElo "2124"]
[BlackElo "2002"]
[Annotator "NA"]
[PlyCount "55"]
[EventDate "2019.08.02"]
[EventType "swiss"]
[EventCountry "SVK"]
[SourceTitle "playchess.com"]
[Source "ChessBase"]
[SourceQuality "1"]
[TimeControl "40/5400+30:1800+30"]

1. e4 e5 2. Nf3 Nc6 3. Bb5 a6 4. Ba4 Nf6 5. O-O b5 6. Bb3 Bc5 7. c3 d6 8. d4 Bb6 9. a4 Rb8 10. a5 Ba7 11. h3 O-O 12. Be3 exd4 13. cxd4 Nb4 14. Nc3 Bb7 15. Ng5 Qe8 16. e5 dxe5 17. dxe5 Qc6 18. Nf3 Bxe3 19. fxe3 Nfd5 20. Nxd5 Nxd5 21. Qd4 Rbd8 22. Rad1 Qe8 23. e4 Nf4 24. Qxd8 Qxd8 25. Rxd8 Rxd8 26. Ng5 Ne2+ 27. Kh2 Rd3 28. Bxf7+ 1-0

[Event "EYCC Open-U12 2019"]
[Site "Bratislava"]
[Date "2019.08.06"]
[Round "5.1"]
[White "von Mettenheim, Johannes"]
[Black "Petrovskiy, Vadim"]
[Result "0-1"]
[ECO "E81"]
[WhiteElo "1809"]
[BlackElo "2090"]
[Annotator "NA"]
[PlyCount "90"]
[EventDate "2019.08.02"]
[EventType "swiss"]
[EventCountry "SVK"]
[SourceTitle "playchess.com"]
[Source "ChessBase"]
[SourceQuality "1"]
[TimeControl "40/5400+30:1800+30"]

1. d4 Nf6 2. c4 g6 3. Nc3 Bg7 4. e4 d6 5. f3 O-O 6. Be3 Nbd7 7. Qd2 c5 8. Nge2 cxd4 9. Nxd4 Nc5 10. Be2 a6 11. O-O Qc7 12. Rac1 e6 13. Rfd1 Rd8 14. Nb3 b6 15. Nxc5 bxc5 16. e5 Ne8 17. Bf4 Bb7 18. exd6 Qc6 19. d7 Bd4+ 20. Be3 Rxd7 21. Bxd4 cxd4 22. Ne4 f5 23. Ng3 e5 24. c5 Nf6 25. Qg5 Kh8 26. b4 Nd5 27. Re1 Re8 28. Bc4 Ne3 29. Nf1 Nxc4 30. Rxc4 e4 31. a4 Qe6 32. Qc1 Bc6 33. fxe4 fxe4 34. b5 axb5 35. axb5 Bxb5 36. c6 Rd6 37. Rb4 Bxc6 38. Qb2 Qf6 39. Rd1 e3 40. Nxe3 Rxe3 41. Rbxd4 Rxd4 42. Rf1 Qd6 43. Rd1 Re2 44. Qxd4+ Qxd4+ 45. Rxd4 Rxg2+ 0-1

[Event "EYCC Open-U12 2019"]
[Site "Bratislava"]
[Date "2019.08.06"]
[Round "5.2"]
[White "Piliposyan, Robert"]
[Black "Bat, Bilguun"]
[Result "1-0"]
[ECO "A40"]
[WhiteElo "2156"]
[BlackElo "2093"]
[Annotator "NA"]
[PlyCount "149"]
[EventDate "2019.08.02"]
[EventType "swiss"]
[EventCountry "SVK"]
[SourceTitle "playchess.com"]
[Source "ChessBase"]
[SourceQuality "1"]
[TimeControl "40/5400+30:1800+30"]

1. d4 Nf6 2. c4 e6 3. g3 d5 4. Nf3 Bb4+ 5. Bd2 Be7 6. Qc2 O-O 7. Bg2 Nbd7 8. O-O Ne4 9. Nc3 Nxd2 10. Nxd2 c6 11. e4 dxe4 12. Ndxe4 f5 13. Nd2 e5 14. d5 e4 15. Rad1 Qc7 16. Nb3 Nc5 17. Nxc5 Bxc5 18. a3 a5 19. Na4 Be7 20. Qb3 cxd5 21. Nb6 Ra6 22. Nxd5 Qc5 23. Nxe7+ Qxe7 24. c5+ Be6 25. Qe3 a4 26. f3 Bc4 27. Rf2 Bb3 28. Re1 Rc6 29. fxe4 Rxc5 30. e5 g6 31. Qf4 b6 32. Rfe2 Qe6 33. h4 Rfc8 34. Qd4 Rc1 35. Rxc1 Rxc1+ 36. Kh2 Rd1 37. Qc3 f4 38. Rf2 fxg3+ 39. Qxg3 Qe7 40. h5 Kg7 41. hxg6 hxg6 42. Rf6 Qe8 43. Rd6 Qh8+ 44. Bh3 Qh5 45. Rxd1 Qxd1 46. Qf2 Qc2 47. Qxc2 Bxc2 48. Kg3 g5 49. Bd7 Bd1 50. Bf5 Kf7 51. Kf2 Bb3 52. Kf3 Bd1+ 53. Ke3 Ke7 54. Kd4 Bb3 55. Bg4 Kf7 56. Ke4 Kg6 57. Bf5+ Kf7 58. Bd7 Kg6 59. Be8+ Kg7 60. Kf5 Kf8 61. Bb5 Ke7 62. Kxg5 Ke6 63. Kf4 Kd5 64. Kf5 Kc5 65. Bd7 Kd4 66. e6 Kd3 67. e7 Bf7 68. Bxa4 Kd2 69. e8=Q Bxe8 70. Bxe8 Kc2 71. b4 Kb3 72. b5 Kxa3 73. Ke5 Kb4 74. Kd5 Ka5 75. Ke4 1-0

[Event "EYCC Open-U12 2019"]
[Site "Bratislava"]
[Date "2019.08.06"]
[Round "5.3"]
[White "Vergara Anton, Diego"]
[Black "Makridis, Dimitrios"]
[Result "1/2-1/2"]
[ECO "D02"]
[WhiteElo "2183"]
[BlackElo "1798"]
[Annotator "NA"]
[PlyCount "35"]
[EventDate "2019.08.02"]
[EventType "swiss"]
[EventCountry "SVK"]
[SourceTitle "playchess.com"]
[Source "ChessBase"]
[SourceQuality "1"]
[TimeControl "40/5400+30:1800+30"]

1. d4 d5 2. Nf3 Nf6 3. c4 e6 4. g3 Bb4+ 5. Bd2 Be7 6. Bg2 c6 7. O-O O-O 8. Bc3 Nbd7 9. Nbd2 b6 10. Re1 Bb7 11. b3 Rc8 12. Bb2 Qc7 13. Rc1 Qb8 14. cxd5 cxd5 15. Rxc8 Rxc8 16. Qb1 b5 17. Rc1 b4 18. Rxc8+ 1/2-1/2

[Event "EYCC Open-U12 2019"]
[Site "Bratislava"]
[Date "2019.08.06"]
[Round "5.4"]
[White "Maurizzi, Marc Andria"]
[Black "Kamilov, Dmitry"]
[Result "1-0"]
[ECO "A48"]
[WhiteElo "2412"]
[BlackElo "1990"]
[Annotator "NA"]
[PlyCount "93"]
[EventDate "2019.08.02"]
[EventType "swiss"]
[EventCountry "SVK"]
[SourceTitle "playchess.com"]
[Source "ChessBase"]
[SourceQuality "1"]
[TimeControl "40/5400+30:1800+30"]

1. d4 Nf6 2. Nf3 g6 3. Nbd2 d5 4. e3 Bg7 5. b4 O-O 6. Be2 Re8 7. O-O Nfd7 8. Bb2 e5 9. c4 e4 10. Ne1 c6 11. cxd5 cxd5 12. b5 Nf6 13. Nb3 Nbd7 14. a4 a5 15. bxa6 b6 16. Nc2 Bxa6 17. Bxa6 Rxa6 18. Nb4 Ra8 19. Qe2 Qe7 20. Qb5 Qd6 21. h3 Rec8 22. Rfc1 g5 23. Nc6 Bf8 24. Ne5 Qe6 25. Rxc8 Rxc8 26. Rc1 Rxc1+ 27. Nxc1 g4 28. Ne2 Bh6 29. h4 g3 30. Nxg3 Nxe5 31. dxe5 Ng4 32. Bd4 Nxe5 33. Bxe5 Qxe5 34. Qxb6 Bf8 35. a5 Qd6 36. Qb7 Qa3 37. Qxd5 Bb4 38. Qd8+ Bf8 39. Qg5+ Kh8 40. Qe5+ Kg8 41. Nxe4 Qa4 42. Nf6+ Kh8 43. Nd7+ Kg8 44. Qg5+ Kh8 45. Nxf8 Qd1+ 46. Kh2 Qd6+ 47. Qf4 1-0

[Event "EYCC Open-U12 2019"]
[Site "Bratislava"]
[Date "2019.08.06"]
[Round "5.5"]
[White "Samadov, Read"]
[Black "Chyndygyr, Tamerlan"]
[Result "1-0"]
[ECO "A57"]
[WhiteElo "2230"]
[BlackElo "2018"]
[Annotator "NA"]
[PlyCount "124"]
[EventDate "2019.08.02"]
[EventType "swiss"]
[EventCountry "SVK"]
[SourceTitle "playchess.com"]
[Source "ChessBase"]
[SourceQuality "1"]
[TimeControl "40/5400+30:1800+30"]

1. d4 Nf6 2. c4 c5 3. d5 b5 4. cxb5 a6 5. b6 d6 6. Nc3 Nbd7 7. e4 g6 8. Nf3 Bg7 9. Be2 O-O 10. O-O Qxb6 11. Nd2 Rb8 12. Nc4 Qc7 13. Bf4 Nb6 14. Ne3 Re8 15. Rc1 Na8 16. b3 Rd8 17. Nc4 Nd7 18. Qd2 a5 19. a4 Bxc3 20. Rxc3 Rb4 21. f3 Qa7 22. Re1 Nab6 23. Ne3 Ba6 24. Bxa6 Qxa6 25. Nc2 c4 26. Nxb4 axb4 27. Rcc1 c3 28. Qd4 Qa5 29. Bh6 f6 30. Be3 Rc8 31. Rc2 Ra8 32. Rb1 Kf7 33. Bf2 Rc8 34. h4 Na8 35. Qa7 Qxa7 36. Bxa7 Nc7 37. Bd4 Na6 38. Kf2 Nac5 39. Ke3 e5 40. dxe6+ Kxe6 41. a5 Na6 42. g4 Re8 43. Re2 Rc8 44. f4 d5 45. f5+ Kd6 46. fxg6 hxg6 47. exd5 Kxd5 48. Kd3 Ne5+ 49. Bxe5 fxe5 50. Kc2 e4 51. h5 gxh5 52. gxh5 Rh8 53. Rh1 Rh6 54. Rg2 Nc5 55. Rg6 Rh8 56. Rg5+ Kd4 57. h6 Rf8 58. Rg2 Nd3 59. h7 Ke3 60. Rg3+ Kf2 61. Rg8 Ke3 62. Rg3+ Ke2 1-0

[Event "EYCC Open-U12 2019"]
[Site "Bratislava"]
[Date "2019.08.06"]
[Round "5.6"]
[White "Vagman, Roy"]
[Black "Fiszer, Bartosz"]
[Result "1/2-1/2"]
[ECO "B23"]
[WhiteElo "1941"]
[BlackElo "2124"]
[Annotator "NA"]
[PlyCount "115"]
[EventDate "2019.08.02"]
[EventType "swiss"]
[EventCountry "SVK"]
[SourceTitle "playchess.com"]
[Source "ChessBase"]
[SourceQuality "1"]
[TimeControl "40/5400+30:1800+30"]

1. e4 c5 2. Nc3 Nc6 3. Nge2 Nf6 4. g3 d5 5. exd5 Nd4 6. Bg2 Bg4 7. h3 Bf3 8. Bxf3 Nxf3+ 9. Kf1 Nd4 10. Nxd4 cxd4 11. Nb5 Rc8 12. Nxd4 Qxd5 13. Nf3 Qc4+ 14. Kg2 Qxc2 15. d4 Nd5 16. Bd2 Qxd1 17. Rhxd1 f6 18. Rac1 Rxc1 19. Rxc1 Kd7 20. Ne1 e6 21. Nd3 Bd6 22. Kf3 g5 23. Rc4 h5 24. b3 Rg8 25. Kg2 g4 26. h4 Rc8 27. Rxc8 Kxc8 28. Kf1 Kd7 29. Ke2 Kc6 30. Nb2 Bc7 31. Nc4 b5 32. Na3 f5 33. Nc2 f4 34. Be1 Ne7 35. Nb4+ Kd7 36. gxf4 Nf5 37. Nd3 Nxd4+ 38. Kf1 Nf3 39. Nc5+ Ke7 40. Bb4 a5 41. Na6+ Bd6 42. Bxa5 Nxh4 43. a4 bxa4 44. bxa4 Ng6 45. Bd2 h4 46. a5 h3 47. Kg1 Kd7 48. Bb4 Nxf4 49. Bxd6 Kxd6 50. Nb4 Kc5 51. Nc2 Nd5 52. Kh2 e5 53. a6 Kb6 54. Ne1 e4 55. f3 gxf3 56. Nxf3 Nf4 57. Nd2 Kxa6 58. Nxe4 1/2-1/2

[Event "EYCC Open-U12 2019"]
[Site "Bratislava"]
[Date "2019.08.06"]
[Round "5.7"]
[White "Tobak, Mikhail"]
[Black "Strybuk, Artsiom I"]
[Result "1/2-1/2"]
[ECO "A05"]
[WhiteElo "1943"]
[BlackElo "2193"]
[Annotator "NA"]
[PlyCount "237"]
[EventDate "2019.08.02"]
[EventType "swiss"]
[EventCountry "SVK"]
[SourceTitle "playchess.com"]
[Source "ChessBase"]
[SourceQuality "1"]
[TimeControl "40/5400+30:1800+30"]

1. Nf3 Nf6 2. g3 g6 3. d3 d5 4. Bg2 Bg7 5. O-O c5 6. Nbd2 Nc6 7. e4 e6 8. Re1 O-O 9. Qe2 Re8 10. Nf1 e5 11. N3d2 Bg4 12. f3 Be6 13. c3 d4 14. c4 Bh6 15. g4 Nd7 16. Ng3 f6 17. Nb3 Bxc1 18. Nxc1 Kg7 19. Qd2 a6 20. Nce2 b5 21. b3 Qa5 22. Qxa5 Nxa5 23. Rec1 Nc6 24. Rcb1 Nb6 25. a3 Reb8 26. Nc1 Ra7 27. Rb2 Nd7 28. Rc2 Rab7 29. Nf1 a5 30. Nd2 a4 31. bxa4 bxc4 32. Nxc4 Bxc4 33. Rxc4 Rb1 34. Rxb1 Rxb1 35. Bf1 Na5 36. Rc2 Ra1 37. Kf2 Rxa3 38. g5 Rxa4 39. Bh3 Nb8 40. Rxc5 Nac6 41. gxf6+ Kxf6 42. Kg3 Ra3 43. f4 h6 44. Bd7 exf4+ 45. Kxf4 g5+ 46. Kg3 Rc3 47. Rxc3 dxc3 48. Bxc6 Nxc6 49. h4 Nd4 50. Kg4 gxh4 51. Kxh4 Ke5 52. Kh5 Kf4 53. Kxh6 Ke3 54. e5 Kd2 55. Na2 c2 56. Kg6 Nc6 57. e6 Nb4 58. e7 Nxa2 59. e8=Q c1=Q 60. Qd8 Qc6+ 61. Qf6 Qe8+ 62. Qf7 Qa8 63. Qb3 Nc3 64. Qc4 Nd5 65. Qb5 Nf4+ 66. Kf5 Nxd3 67. Ke6 Qg8+ 68. Kd6 Qg6+ 69. Kc7 Qg3+ 70. Kb7 Qd6 71. Qg5+ Kc3 72. Qa5+ Kd4 73. Qa1+ Ke3 74. Qg1+ Kd2 75. Qg2+ Ke3 76. Qg1+ Ke4 77. Qg2+ Kd4 78. Qg4+ Kc3 79. Qg7+ Kb4 80. Ka7 Kb5 81. Qb7+ Ka5 82. Qb1 Nc5 83. Qa2+ Kb5 84. Qb2+ Ka5 85. Qc3+ Kb5 86. Qb2+ Kc4 87. Qc2+ Kb4 88. Qb1+ Nb3 89. Qe4+ Nd4 90. Qb1+ Kc4 91. Qc1+ Kd3 92. Qd1+ Ke3 93. Qg1+ Kd2 94. Qf2+ Ne2 95. Qb6 Qa3+ 96. Qa6 Qe3+ 97. Kb7 Nc3 98. Qd6+ Kc1 99. Qa3+ Kc2 100. Qd6 Qe4+ 101. Qc6 Qb4+ 102. Qb6 Qe7+ 103. Qc7 Qh4 104. Qc6 Qg4 105. Qd6 Qf5 106. Qc6 Kb3 107. Qb6+ Nb5 108. Qe3+ Ka4 109. Qe7 Qd5+ 110. Kb8 Qd4 111. Qb7 Qh8+ 112. Qc8 Qe5+ 113. Ka8 Qd5+ 114. Kb8 Ka5 115. Qc6 Qf7 116. Qc5 Qd7 117. Qc6 Qd8+ 118. Kb7 Qe7+ 119. Kb8 1/2-1/2

[Event "EYCC Open-U12 2019"]
[Site "Bratislava"]
[Date "2019.08.06"]
[Round "5.8"]
[White "Ozkan, Taha"]
[Black "De Winter, Arthur"]
[Result "1-0"]
[ECO "A48"]
[WhiteElo "2140"]
[BlackElo "1859"]
[Annotator "NA"]
[PlyCount "87"]
[EventDate "2019.08.02"]
[EventType "swiss"]
[EventCountry "SVK"]
[SourceTitle "playchess.com"]
[Source "ChessBase"]
[SourceQuality "1"]
[TimeControl "40/5400+30:1800+30"]

1. d4 Nf6 2. Nf3 g6 3. Nc3 d5 4. Bf4 Bg7 5. e3 O-O 6. Be2 c5 7. Ne5 cxd4 8. exd4 Nc6 9. Qd2 Bf5 10. f3 Nd7 11. Nxc6 bxc6 12. g4 Be6 13. Na4 f5 14. O-O-O fxg4 15. fxg4 Bf7 16. h4 e5 17. dxe5 Nxe5 18. h5 d4 19. Bxe5 Bxe5 20. hxg6 Bxg6 21. Bc4+ Kh8 22. Kb1 Rf4 23. Bd3 Qg5 24. Bxg6 Qxg6 25. Nc5 Rxg4 26. Nd3 Bg7 27. Qa5 Rg5 28. Qc7 a5 29. Rhe1 Rf8 30. Qd7 c5 31. Qc7 a4 32. a3 Rf7 33. Re8+ Rf8 34. Rxf8+ Bxf8 35. Ne5 Qh5 36. Rf1 Rf5 37. Nf7+ Kg8 38. Rg1+ Bg7 39. Nd6 Rf7 40. Nxf7 Qxf7 41. Qxc5 Qf2 42. Qc4+ Kh8 43. Rf1 Qxf1+ 44. Qxf1 1-0

[Event "EYCC Open-U12 2019"]
[Site "Bratislava"]
[Date "2019.08.06"]
[Round "5.9"]
[White "Navumenka, Mikhei"]
[Black "Makkar, Rajat"]
[Result "0-1"]
[ECO "A34"]
[WhiteElo "2196"]
[BlackElo "2064"]
[Annotator "NA"]
[PlyCount "82"]
[EventDate "2019.08.02"]
[EventType "swiss"]
[EventCountry "SVK"]
[SourceTitle "playchess.com"]
[Source "ChessBase"]
[SourceQuality "1"]
[TimeControl "40/5400+30:1800+30"]

1. c4 c5 2. Nf3 Nf6 3. Nc3 d5 4. cxd5 Nxd5 5. g3 Nc6 6. Bg2 Nc7 7. O-O e5 8. b3 Be7 9. Bb2 O-O 10. d3 f6 11. e3 Bf5 12. d4 cxd4 13. exd4 exd4 14. Ne2 d3 15. Ned4 Be4 16. Nxc6 bxc6 17. Re1 Qd5 18. Nh4 f5 19. Bxe4 fxe4 20. Qg4 Bf6 21. Nf5 g6 22. Ne3 Qf7 23. Nf5 Qe6 24. Nh6+ Kg7 25. Qxe6 Nxe6 26. Bxf6+ Kxh6 27. Bc3 Ng5 28. Bd2 Kh5 29. Bxg5 Kxg5 30. Rxe4 Rfe8 31. Rd4 Rad8 32. Rxd8 Rxd8 33. Rd1 Kf5 34. Kf1 Ke4 35. Ke1 Kf3 36. Kd2 Kxf2 37. Rc1 Rd6 38. Rc4 Kg2 39. Ra4 Rd7 40. Rh4 h5 41. g4 Rd4 0-1

[Event "EYCC Open-U12 2019"]
[Site "Bratislava"]
[Date "2019.08.06"]
[Round "5.10"]
[White "Dudarev, Vladislav"]
[Black "Trost, Edvin"]
[Result "1/2-1/2"]
[ECO "A22"]
[WhiteElo "2137"]
[BlackElo "2069"]
[Annotator "NA"]
[PlyCount "100"]
[EventDate "2019.08.02"]
[EventType "swiss"]
[EventCountry "SVK"]
[SourceTitle "playchess.com"]
[Source "ChessBase"]
[SourceQuality "1"]
[TimeControl "40/5400+30:1800+30"]

1. c4 e5 2. Nc3 Nf6 3. g3 d5 4. cxd5 Nxd5 5. Bg2 Nb6 6. Nf3 Nc6 7. a3 Be7 8. b4 Be6 9. O-O O-O 10. d3 a5 11. b5 Nd4 12. Bb2 f6 13. Nxd4 exd4 14. Na4 Bd5 15. Bh3 Bf7 16. Rc1 Re8 17. Bg2 Rb8 18. Bf3 Qd7 19. Nc5 Bxc5 20. Rxc5 Qd6 21. Rc1 Re5 22. e3 Rxb5 23. Bxd4 Rb3 24. Be4 Na4 25. Qg4 c5 26. Qf5 g6 27. Bxc5 Nxc5 28. Qxc5 Qxc5 29. Rxc5 Rxa3 30. Rb1 Rb3 31. Rxb3 Bxb3 32. Rxa5 b5 33. Ra1 f5 34. Bc6 Bc2 35. d4 b4 36. Ra2 Bb3 37. Rb2 Bc4 38. d5 b3 39. d6 Kf7 40. d7 Ke7 41. f3 Rb6 42. Ba4 Kd8 43. e4 Ra6 44. Bxb3 Rb6 45. Bxc4 Rxb2 46. exf5 Kxd7 47. f6 Rc2 48. Bd5 Rd2 49. Bc4 Rc2 50. Bd5 Rd2 1/2-1/2

[Event "EYCC Open-U12 2019"]
[Site "Bratislava"]
[Date "2019.08.06"]
[Round "5.11"]
[White "Tarhan, Adar"]
[Black "Lystsov, Leonid"]
[Result "0-1"]
[ECO "C06"]
[WhiteElo "1972"]
[BlackElo "2086"]
[Annotator "NA"]
[PlyCount "128"]
[EventDate "2019.08.02"]
[EventType "swiss"]
[EventCountry "SVK"]
[SourceTitle "playchess.com"]
[Source "ChessBase"]
[SourceQuality "1"]
[TimeControl "40/5400+30:1800+30"]

1. e4 e6 2. d4 d5 3. Nd2 Nf6 4. e5 Nfd7 5. Bd3 c5 6. c3 Nc6 7. Ne2 cxd4 8. cxd4 f6 9. exf6 Qxf6 10. Nf3 h6 11. O-O Bd6 12. Ng3 O-O 13. Be3 Rd8 14. Rc1 Nf8 15. Bb1 Bd7 16. a3 Rac8 17. b4 a6 18. Ne1 Ne7 19. Nd3 Rxc1 20. Qxc1 Be8 21. f4 Rc8 22. Qd2 Bg6 23. Ne5 Bxb1 24. Rxb1 Nf5 25. Rc1 Rxc1+ 26. Qxc1 Nxg3 27. hxg3 Bxe5 28. dxe5 Qd8 29. Qc5 h5 30. a4 Qd7 31. b5 axb5 32. axb5 Ng6 33. Kh2 Kf7 34. Bd4 Ne7 35. Bc3 Nf5 36. b6 d4 37. Bd2 Ne7 38. Kh3 Qd5 39. Qc7 Qc6 40. Qd8 Nd5 41. Qh8 Nxb6 42. Qxh5+ Kg8 43. Qg5 Qd7 44. Kh2 Nc4 45. Bb4 d3 46. f5 d2 47. f6 d1=Q 48. Be7 Qxe7 49. fxe7 Qd7 50. Qf4 Qxe7 51. Qxc4 Qd7 52. g4 Qd5 53. Qf4 b5 54. g5 Qd3 55. Qb4 Kf7 56. Qc5 Kg6 57. Qe7 Qd5 58. Qc7 b4 59. Qc2+ Kxg5 60. Qc1+ Kf5 61. Qb1+ Qe4 62. Qf1+ Qf4+ 63. g3 Qxf1 64. g4+ Kxe5 0-1